 Dungeon Crawl Stone Soup version 0.26.1-2-gb8aa6d0cf2 (webtiles) character file.

Game seed: 10455199523962902569

151755 funkygono the Bludgeoner (level 17, -18/162 HPs)
             Began as a Minotaur Gladiator on Mar 13, 2021.
             Was the Champion of Okawaru.
             Demolished by a salamander
             ... wielding a +0 spear
              (22 damage)
             ... on level 3 of the Snake Pit.
             The game lasted 01:38:57 (36013 turns).

funkygono the Bludgeoner (Minotaur Gladiator)      Turns: 36013, Time: 01:38:57

Health: -18/162    AC: 26    Str: 32    XL:     17   Next: 1%
Magic:  1/12       EV:  9    Int:  5    God:    Okawaru [******]
Gold:   5043       SH:  5    Dex: 15    Spells: 16/16 levels left

rFire    x . .     SeeInvis .   a - +4 dire flail "Concordance" {drain, rPois Stlth+}
rCold    . . .     Faith    .   (shield currently unavailable)
rNeg     + . .     Spirit   .   t - +0 plate armour {rPois}
rPois    +         Reflect  +   T - +2 hat
rElec    +         Harm     .   y - +1 cloak
rCorr    .         Rampage  .   p - +0 pair of gloves "Xaeko" {rElec Regen+}
Will     +....                  A - +1 pair of boots {run}
Stlth    ..........             V - amulet "Qorait" {Reflect rF- rN+ Str+4 SH+5}
HPRegen  0.77/turn              r - ring "Ynapoik" {Wiz rElec MP-9 Str+5}
MPRegen  0.13/turn              F - +4 ring of slaying

@: lethally poisoned (-18 -> -19), constricted, quick
A: retaliatory headbutt, horns 2
a: Renounce Religion, Heroism, Finesse


You were on level 3 of the Snake Pit.
You worshipped Okawaru.
Okawaru was exalted by your worship.
You visited 5 branches of the dungeon, and saw 27 of its levels.
You also visited: Ossuary, Ice Cave and Volcano.

You collected 5043 gold pieces.

Inventory:

Hand Weapons
 a - the +4 dire flail "Concordance" (weapon) {drain, rPois Stlth+}
   (Okawaru gifted it to you on level 2 of the Lair of Beasts)

   A truly terrible weapon, it drains the life of those it strikes.
   It protects you from poison.
   It makes you more stealthy.
 b - a +8 arbalest of flaming
 l - a +7 great mace of flaming
Missiles
 H - 200 bolts
Armour
 p - the +0 pair of gloves "Xaeko" (worn) {rElec Regen+}
   (Okawaru gifted it to you on level 2 of the Snake Pit)

   It insulates you from electricity.
   It increases your rate of regeneration.
 q - a +2 kite shield
 t - a +0 plate armour of poison resistance (worn)
 w - a +1 pair of gloves of strength
 y - a +1 cloak (worn)
 A - a +1 pair of boots of running (worn)
 Q - a +0 pair of gloves of archery
 T - a +2 hat (worn)
 Z - the +2 hat "Ycepn" {*Slow rF++ Dex+2}
   (You found it in an ice cave)

   It affects your dexterity (+2).
   It greatly protects you from fire.
   It may slow you when you take damage.
Jewellery
 n - an uncursed ring of flight
 r - the ring "Ynapoik" (left hand) {Wiz rElec MP-9 Str+5}
   (You found it on level 15 of the Dungeon)

   [ring of wizardry]

   It improves your spell success rate.
   It affects your strength (+5).
   It insulates you from electricity.
   It affects your magic capacity (-9).
 F - a +4 ring of slaying (right hand)
 G - an uncursed amulet of regeneration
 J - an uncursed ring of positive energy
 O - an uncursed ring of protection from cold
 P - an uncursed ring of protection from fire
 V - the amulet "Qorait" (around neck) {Reflect rF- rN+ Str+4 SH+5}
   (You found it on level 6 of the Lair of Beasts)

   [amulet of reflection]

   It shields you and reflects attacks.
   It affects your strength (+4).
   It makes you vulnerable to fire.
   It protects you from negative energy.
   It affects your SH (+5).
Wands
 d - a wand of paralysis (12)
 e - a wand of random effects (36)
 o - a wand of digging (3)
 x - a wand of enslavement (4)
 z - a wand of acid (7)
 C - a wand of flame (108)
 X - a wand of iceblast (10)
Scrolls
 c - a scroll of summoning
 f - 6 scrolls of magic mapping
 i - 17 scrolls of teleportation
 j - 3 scrolls of silence
 s - 3 scrolls of identify
 v - 14 scrolls of remove curse
 E - 2 scrolls of fog
 I - 5 scrolls of blinking
 U - 2 scrolls of fear
Potions
 g - a potion of resistance
 k - 6 potions of haste
 m - 8 potions of ambrosia
 u - 5 potions of curing
 B - 6 potions of berserk rage
 K - 2 potions of lignification
 L - 2 potions of mutation
 M - 7 potions of flight
 N - 2 potions of cancellation
 R - 6 potions of might
Miscellaneous
 S - a phial of floods (inert)
 Y - a box of beasts (inert)


   Skills:
 + Level 17.4 Fighting
 + Level 17.4 Maces & Flails
 + Level 12.7 Crossbows
 + Level 2.1 Throwing
 + Level 16.7 Armour
 + Level 5.4 Dodging
 - Level 2.5 Stealth
 + Level 4.7 Shields
 + Level 7.3 Invocations
 + Level 8.2 Evocations


You had 16 spell levels left.
You didn't know any spells.
Your spell library contained the following spells:

 Spells                   Type           Power        Failure   Level
 Animate Skeleton         Necr           0%           65%         1
 Apportation              Tloc           0%           65%         1
 Beastly Appendage        Tmut           0%           65%         1
 Corona                   Hex            0%           65%         1
 Magic Dart               Conj           0%           65%         1
 Summon Small Mammal      Summ           0%           65%         1
 Call Imp                 Summ           0%           78%         2
 Ensorcelled Hibernation  Hex/Ice        0%           78%         2
 Searing Ray              Conj           0%           78%         2
 Wereblood                Tmut           0%           78%         2
 Call Canine Familiar     Summ           0%           94%         3
 Confusing Touch          Hex            0%           94%         3
 Dazzling Flash           Conj/Hex       0%           94%         3
 Gell's Gravitas          Tloc           0%           94%         3
 Ignite Poison            Fire/Tmut/Pois 0%           94%         3
 Spider Form              Tmut/Pois      0%           94%         3
 Summon Guardian Golem    Hex/Summ       0%           94%         3
 Tukima's Dance           Hex            0%           94%         3
 Fulminant Prism          Conj/Hex       0%           100%        4
 Ice Form                 Ice/Tmut       0%           100%        4
 Iskenderun's Mystic Bla  Conj/Tloc      0%           100%        4
 Petrify                  Tmut/Erth      0%           100%        4
 Summon Ice Beast         Ice/Summ       0%           100%        4
 Summon Lightning Spire   Summ/Air       0%           100%        4
 Blade Hands              Tmut           0%           100%        5
 Fireball                 Conj/Fire      0%           100%        5
 Metabolic Englaciation   Hex/Ice        0%           100%        5
 Yara's Violent Unravell  Hex/Tmut       0%           100%        5
 Freezing Cloud           Conj/Ice/Air   0%           100%        6
 Ozocubu's Refrigeration  Ice            0%           100%        6
 Simulacrum               Ice/Necr       0%           100%        6
 Starburst                Conj/Fire      0%           100%        6
 Ignition                 Fire           0%           100%        8


Dungeon Overview and Level Annotations

Branches:
Dungeon (15/15)            Temple (1/1) D:6            Lair (6/6) D:9
 Shoals (0/4) Lair:2        Snake (3/4) Lair:3        Slime (0/5) Lair:5
    Orc (2/2) D:10            Elf (0/3) Orc:2        Vaults (0/5) D:13
 Depths (0/5) D:15        Ossuary (visited)           IceCv (visited)
Volcano (visited)

Altars:
Ashenzari
Cheibriados
Dithmenos
Elyvilon
Fedhas
Gozag
Hepliaklqana
Kikubaaqudgha
Makhleb
Nemelex Xobeh
Okawaru
Qazlal
Ru
Sif Muna
Trog
Uskayaw
Vehumet
Wu Jian
Xom
Yredelemnul
Zin
The Shining One
Jiyva

Shops:
D:5 *[   D:6 =   D:11 }   Orc:2 [(*(   Snake:2 ?}(

Portals:
Hell: Lair:6


Innate Abilities, Weirdness & Mutations

You reflexively headbutt those who attack you in melee.
You have a pair of horns on your head.


Message History

* * * LOW HITPOINT WARNING * * *
The anaconda bites you but does no damage.
The anaconda constricts you.
The mana viper bites you but does no damage.
The salamander hits you but does no damage.
The naga mage gestures at you while chanting.
The lance of force hits you.
* * * LOW HITPOINT WARNING * * *
You are knocked back by the lance of force.
You collide with the mana viper!
The black mamba bites you.
* * * LOW HITPOINT WARNING * * *
The naga sharpshooter gestures wildly while chanting.
The naga sharpshooter magically shoots an arrow.
The arrow hits you but does no damage. You block the naga's attack.
The mana viper bites you but does no damage.
You block the black mamba's attack.
The salamander hits you from afar with a +0 spear.
* * * LOW HITPOINT WARNING * * *
You are engulfed in flames!!
The fire burns you terribly!
You die... ....... ...... ..... #...# #.N$# ##NNN## #.NSNN#

#.N@S.#
#.SSS.#
##.N.##
#.⌠.#
#...#
.....
.......
#.$.....#
###!..###


You could see a naga sharpshooter, 2 salamanders, an anaconda, 2 mana vipers, 2
black mambas, a naga mage (fast, catching breath) and 5 nagas.

Vanquished Creatures
  Jorgrun (D:14)
  Rupert (D:14)
  An Ice Fiend (IceCv)
  4 nagarajas (Snake:2)
  Nessos (D:15)
  An ettin (Orc:2)
  Snorg (D:11)
  The ghost of DRAGONFLAY the Cleaver, a journeyman MiFi of Makhleb (D:10)
  The ghost of Zapai the Nimble, a journeyman DgAr (Lair:2)
  3 naga warriors
  3 catoblepae
  3 boulder beetles
  An ice dragon (Snake:2)
  A rakshasa (D:14)
  11 hydras
  10 anacondas
  5 centaur warriors
  9 death yaks
  A death knight (D:12)
  2 tengu warriors (D:15)
  8 two-headed ogres
  3 dancing weapons
  2 ogre magi
  4 naga sharpshooters
  4 shock serpents (Snake:2)
  5 orc high priests (Orc:2)
  3 skeletal warriors
  4 slime creatures (D:14)
  A sun demon (Lair:6)
  A salamander mystic (Snake:2)
  2 sea snakes (Snake:2)
  A deep troll (D:15)
  4 unseen horrors
  A wizard (Lair:6)
  An anaconda skeleton (Volcano)
  Pikel (D:6)
  9 orc knights
  2 mana vipers
  An orc sorcerer (Orc:2)
  6 salamanders
  2 oklob plants (Lair:1)
  7 ugly things
  2 cyclopes
  4 manticores
  14 elephants
  An ice statue (IceCv)
  A smoke demon (Lair:6)
  An eye of devastation (shapeshifter) (D:15)
  28 black mambas
  7 naga magi
  6 gargoyles
  Maurice (D:11)
  An orange demon (Lair:6)
  4 rime drakes
  9 cane toads
  16 komodo dragons
  An efreet (D:10)
  7 ice devils
  7 freezing wraiths
  An anaconda simulacrum (IceCv)
  A golden dragon simulacrum (IceCv)
  A red devil (Lair:6)
  A merfolk (Lair:2)
  3 trolls (D:9)
  3 polar bears (Lair:6)
  3 meliai (D:15)
  2 queen bees
  A harpy skeleton (Volcano)
  A wolf spider simulacrum (IceCv)
  Prince Ribbit (D:5)
  7 blink frogs (Lair:6)
  2 flying skulls (Volcano)
  2 shadows (D:12)
  Sigmund (D:6)
  29 yaks
  A wyvern (shapeshifter) (D:13)
  13 wyverns
  3 dire elephant simulacra (IceCv)
  7 wraiths
  4 basilisks
  A steam dragon (D:12)
  Edmund (D:5)
  3 vampire mosquitoes (D:13)
  6 harpy simulacra
  The ghost of Glorbak the Shield-Bearer, an amateur GrFi (D:4)
  2 iron troll simulacra (IceCv)
  8 nagas
  2 soldier ants
  2 hydra simulacra (IceCv)
  An acid dragon (D:13)
  5 hell hounds (Lair:6)
  33 water moccasins
  2 hornet zombies
  25 orc warriors
  A black bear (D:12)
  An ettin simulacrum (IceCv)
  2 eyes of draining
  4 ice beasts
  2 necrophages
  4 phantoms
  3 boggarts (D:14)
  11 wolves
  12 centaurs
  12 ogres
  An elf zombie (D:15)
  15 bullfrogs
  3 big kobolds
  A wyvern zombie (D:12)
  A scorpion (D:12)
  An elephant simulacrum (IceCv)
  43 killer bees
  20 wights
  2 howler monkeys
  4 electric eels
  A spriggan skeleton (Volcano)
  2 bullfrog zombies
  5 draconian simulacra (IceCv)
  13 hounds
  2 jellies
  2 centaur skeletons
  4 centaur zombies
  24 orc priests
  Crazy Yiuf (D:5)
  4 human zombies (D:15)
  15 orc wizards
  3 bullfrog skeletons
  A gnoll shaman (D:6)
  Ijyb (D:5)
  6 iguanas
  8 worker ants
  4 troll simulacra (IceCv)
  A spriggan simulacrum (IceCv)
  2 wolf simulacra (IceCv)
  A centaur simulacrum (IceCv)
  2 naga skeletons (Volcano)
  A hound skeleton (D:4)
  3 mummies
  A howler monkey zombie (D:9)
  Robin (D:2)
  3 gnolls (D:6)
  5 naga simulacra (IceCv)
  A worker ant zombie (D:6)
  20 adders
  2 ogre simulacra (IceCv)
  A river rat (Lair:3)
  A shadow imp (D:8)
  12 white imps
  3 ufetubi
  An ooze (D:5)
  An adder zombie (D:9)
  4 adder skeletons
  3 worms
  4 leopard geckos
  90 orcs
  6 bats
  10 giant cockroaches
  9 goblins
  15 hobgoblins
  8 jackals
  4 quokkas
  2 ball pythons
  3 frilled lizards
  8 gnoll skeletons (Ossuary)
  2 goblin zombies (D:4)
  A jackal zombie (D:7)
  15 kobolds
  5 kobold skeletons (Ossuary)
  2 leopard gecko zombies
  14 orc skeletons
  3 quokka zombies
  7 rats
938 creatures vanquished.

Vanquished Creatures (collateral kills)
  A naga sharpshooter (Snake:2)
  A killer bee (D:15)
2 creatures vanquished.

Vanquished Creatures (others)
  An orc knight (D:10)
  A centaur skeleton (D:10)
  A rime drake (shapeshifter) (D:10)
  A flying skull (Volcano)
  A killer bee (D:15)
  A bullfrog zombie (D:10)
  A howler monkey zombie (D:10)
  2 white imps (IceCv)
  2 ufetubi (IceCv)
  An orc (D:11)
  35 fungi
  43 plants
90 creatures vanquished.

Grand Total: 1030 creatures vanquished

Notes
Turn   | Place    | Note
-------+----------+-------------------------------------------
     0 | D:1      | funkygono the Minotaur Gladiator began the quest for the
                  | Orb.
     0 | D:1      | Reached XP level 1. HP: 18/18 MP: 0/0
   247 | D:1      | Reached XP level 2. HP: 20/25 MP: 1/1
  1222 | D:2      | Noticed Robin
  1224 | D:2      | Reached skill level 1 in Armour
  1225 | D:2      | Reached XP level 3. HP: 30/30 MP: 2/2
  1235 | D:2      | Killed Robin
  1931 | D:3      | Reached XP level 4. HP: 33/37 MP: 3/3
  2400 | D:3      | Reached skill level 5 in Maces & Flails
  2868 | D:4      | Reached XP level 5. HP: 45/45 MP: 4/4
  3020 | D:4      | Found a sand-covered staircase.
  3025 | Ossuary  | Entered an ossuary
  3025 | Ossuary  | Noticed a wraith
  3025 | Ossuary  | Noticed a wraith
  3025 | Ossuary  | Noticed a wraith
  3078 | Ossuary  | Noticed a wraith
  3089 | Ossuary  | Killed a wraith
  3090 | Ossuary  | Reached XP level 6. HP: 44/52 MP: 5/5
  3356 | D:4      | Found a runed translucent gate.
  3356 | D:4      | Found a runed translucent gate.
  3356 | D:4      | Found a runed translucent gate.
  3358 | D:4      | Found an opulent altar of Gozag.
  3362 | D:4      | Noticed a komodo dragon
  3362 | D:4      | Noticed Glorbak's ghost (amateur GrFi)
  3408 | D:4      | HP: 2/52 [Glorbak's ghost (4)]
  3420 | D:4      | Killed a komodo dragon
  3421 | D:4      | Reached XP level 7. HP: 23/60 MP: 6/6
  3426 | D:4      | Killed Glorbak's ghost
  3941 | D:4      | Found a glowing golden altar of the Shining One.
  4454 | D:5      | Entered Level 5 of the Dungeon
  4473 | D:5      | Found Feheufiu's Armour Shoppe.
  4495 | D:5      | Noticed Ijyb
  4506 | D:5      | Killed Ijyb
  4524 | D:5      | Reached skill level 5 in Armour
  4532 | D:5      | Found Gozag's Platinum Reserve.
  4560 | D:5      | Noticed Prince Ribbit
  4568 | D:5      | Killed Prince Ribbit
  4569 | D:5      | Reached skill level 5 in Fighting
  4569 | D:5      | Reached XP level 8. HP: 47/68 MP: 7/7
  4719 | D:5      | Found a runed translucent door.
  4720 | D:5      | Noticed Crazy Yiuf
  4729 | D:5      | Killed Crazy Yiuf
  5020 | D:5      | Found an opulent altar of Gozag.
  5075 | D:5      | Noticed Edmund
  5085 | D:5      | Killed Edmund
  5086 | D:5      | Reached skill level 10 in Maces & Flails
  5407 | D:6      | Noticed Sigmund
  5415 | D:6      | Killed Sigmund
  5416 | D:6      | Reached skill level 1 in Evocations
  5484 | D:6      | Found Kyssoose's Jewellery Shoppe.
  5491 | D:6      | Noticed Pikel
  5495 | D:6      | Killed Pikel
  5496 | D:6      | Reached XP level 9. HP: 75/75 MP: 8/8
  5543 | D:6      | Found a staircase to the Ecumenical Temple.
  5569 | Temple   | Entered the Ecumenical Temple
  5767 | Temple   | Became a worshipper of Warmaster Okawaru
  6394 | D:7      | Reached * piety under Okawaru
  6452 | D:7      | Found a broken altar of Ashenzari.
  6452 | D:7      | Found an ornate altar of the Wu Jian Council.
  6602 | D:7      | Found a hide-covered altar of Uskayaw.
  6687 | D:7      | Found a radiant altar of Vehumet.
  7555 | D:8      | Found a broken altar of Ashenzari.
  7678 | D:8      | Reached ** piety under Okawaru
  7679 | D:8      | Reached XP level 10. HP: 69/86 MP: 9/9
  8447 | D:8      | Reached skill level 1 in Invocations
  9352 | D:9      | Found a staircase to the Lair.
  9366 | D:9      | Reached *** piety under Okawaru
  9929 | D:9      | Found a radiant altar of Vehumet.
 10292 | Lair:1   | Entered Level 1 of the Lair of Beasts
 10301 | Lair:1   | Noticed a cane toad
 10307 | Lair:1   | Killed a cane toad
 10395 | Lair:1   | Reached skill level 10 in Armour
 10512 | Lair:1   | Reached **** piety under Okawaru
 10828 | Lair:1   | Reached XP level 11. HP: 97/97 MP: 12/12
 11003 | Lair:1   | Noticed an oklob plant
 11004 | Lair:1   | Noticed an oklob plant
 11399 | Lair:1   | Noticed a six-headed hydra
 11410 | Lair:1   | Killed a six-headed hydra
 11628 | Lair:1   | Reached ***** piety under Okawaru
 12057 | Lair:1   | Killed an oklob plant
 12082 | Lair:1   | Killed an oklob plant
 12606 | Lair:2   | Found a staircase to the Shoals.
 12648 | Lair:2   | Found a runed translucent door.
 12650 | Lair:2   | Found a shimmering altar of Xom.
 12650 | Lair:2   | Noticed Zapai's ghost (journeyman DgAr)
 12651 | Lair:2   | Noticed a +3 halberd of chaos
 12681 | Lair:2   | Killed Zapai's ghost
 12685 | Lair:2   | Killed a +3 halberd of chaos
 12879 | Lair:2   | Reached skill level 10 in Fighting
 12908 | Lair:2   | Received a gift from Okawaru
 12950 | Lair:2   | Noticed a death yak
 12950 | Lair:2   | Noticed a death yak
 12957 | Lair:2   | Noticed a death yak
 12957 | Lair:2   | Noticed a death yak
 12969 | Lair:2   | Killed a death yak
 12982 | Lair:2   | Killed a death yak
 12983 | Lair:2   | Reached skill level 1 in Crossbows
 12991 | Lair:2   | Killed a death yak
 12991 | Lair:2   | Received a gift from Okawaru
 13002 | Lair:2   | Killed a death yak
 13003 | Lair:2   | Reached XP level 12. HP: 21/107 MP: 14/14
 13361 | Lair:2   | Reached skill level 1 in Stealth
 13373 | Lair:2   | Noticed a boulder beetle
 13386 | Lair:2   | Killed a boulder beetle
 13387 | Lair:2   | Reached skill level 5 in Invocations
 13387 | Lair:2   | Reached skill level 5 in Evocations
 13392 | Lair:2   | Received a gift from Okawaru
 13398 | Lair:2   | Got a smoking dire flail {god gift}
 13399 | Lair:2   | Identified the +4 dire flail "Concordance" {drain, rPois
                  | Stlth+} (Okawaru gifted it to you on level 2 of the Lair of
                  | Beasts)
 13643 | Lair:2   | Found an opulent altar of Gozag.
 14428 | Lair:3   | Noticed a six-headed hydra
 14436 | Lair:3   | Killed a six-headed hydra
 14464 | Lair:3   | Found a staircase to the Snake Pit.
 14661 | Lair:3   | Noticed a six-headed hydra
 14666 | Lair:3   | Killed a six-headed hydra
 14751 | Lair:3   | Found a dark tunnel.
 14760 | Volcano  | Entered a volcano
 14817 | Volcano  | Received a gift from Okawaru
 14822 | Volcano  | Reached skill level 5 in Crossbows
 14828 | Volcano  | Reached ****** piety under Okawaru
 15668 | Lair:3   | Reached XP level 13. HP: 117/117 MP: 16/16
 16410 | Lair:4   | Received a gift from Okawaru
 17433 | Lair:5   | Received a gift from Okawaru
 17455 | Lair:5   | Found a viscous altar of Jiyva.
 17906 | Lair:5   | Found a staircase to the Slime Pits.
 18142 | Lair:6   | Entered Level 6 of the Lair of Beasts
 18561 | Lair:6   | Received a gift from Okawaru
 18599 | Lair:6   | Reached skill level 15 in Maces & Flails
 18636 | Lair:6   | Identified a +1 pair of boots of running (Okawaru gifted it
                  | to you on level 6 of the Lair of Beasts)
 18819 | Lair:6   | Reached XP level 14. HP: 68/129 MP: 17/17
 19786 | Lair:6   | Found a burning altar of Makhleb.
 19985 | Lair:6   | Found a gateway to Hell.
 19993 | Lair:6   | Got a flickering jade amulet
 20173 | Lair:6   | Identified the amulet "Qorait" {Reflect rF- rN+ Str+4 SH+5}
                  | (You found it on level 6 of the Lair of Beasts)
 20429 | D:10     | Entered Level 10 of the Dungeon
 20538 | D:10     | Found a staircase to the Orcish Mines.
 20725 | D:10     | Identified the +6 great mace of Imbalance {venom, *Corrode
                  | rElec rN+}
 20727 | D:10     | Noticed DRAGONFLAY's ghost (journeyman MiFi)
 20731 | D:10     | Found a transporter.
 20731 | D:10     | Found a transporter.
 21162 | D:10     | Killed DRAGONFLAY's ghost
 21170 | D:10     | Received a gift from Okawaru
 21605 | D:11     | Noticed Snorg
 21617 | D:11     | Killed Snorg
 21642 | D:11     | Noticed Maurice
 21647 | D:11     | Killed Maurice
 21653 | D:11     | Reached skill level 15 in Armour
 22103 | D:11     | Found Zibat's Gadget Emporium.
 22676 | Orc:1    | Entered Level 1 of the Orcish Mines
 22684 | Orc:1    | Reached skill level 1 in Shields
 22862 | Orc:2    | Entered Level 2 of the Orcish Mines
 23539 | Orc:2    | Received a gift from Okawaru
 23587 | Orc:2    | Received a gift from Okawaru
 23754 | Orc:2    | Received a gift from Okawaru
 23932 | Orc:2    | Found Daum's Antique Weapon Shop.
 23935 | Orc:2    | Found Dyegh's Weapon Shop.
 23938 | Orc:2    | Found Hupra's Assorted Antiques.
 23939 | Orc:2    | Found Damuhyso's Armour Shop.
 24229 | Orc:2    | Found a staircase to the Elven Halls.
 24243 | Orc:2    | Reached skill level 10 in Crossbows
 24370 | Orc:1    | Reached XP level 15. HP: 139/139 MP: 19/19
 24701 | D:10     | Reached skill level 15 in Fighting
 26334 | D:13     | Found a gate to the Vaults.
 26389 | D:13     | Got a distressingly furry leather armour
 26390 | D:13     | Identified the cursed +0 leather armour of the Marlin {rC+}
                  | (You found it on level 13 of the Dungeon)
 27759 | D:14     | Received a gift from Okawaru
 28083 | D:14     | Received a gift from Okawaru
 28158 | D:14     | Noticed Rupert
 28176 | D:14     | Killed Rupert
 28529 | D:14     | Noticed Jorgrun
 28536 | D:14     | Killed Jorgrun
 28536 | D:14     | Received a gift from Okawaru
 28604 | D:15     | Entered Level 15 of the Dungeon
 28606 | D:15     | Found an ancient bone altar of Kikubaaqudgha.
 28609 | D:15     | Noticed Nessos
 28618 | D:15     | Killed Nessos
 29321 | D:15     | Reached XP level 16. HP: 134/151 MP: 20/20
 29713 | D:15     | Got a coiled glass ring
 29733 | D:15     | Found a staircase to the Depths.
 29887 | D:15     | Reached skill level 5 in Dodging
 29906 | D:15     | Found a basalt altar of Yredelemnul.
 30269 | D:15     | Identified a scroll of acquirement
 30269 | D:15     | Acquired 1101 gold pieces
 30548 | Snake:1  | Entered Level 1 of the Snake Pit
 30649 | Snake:1  | Received a gift from Okawaru
 31207 | Snake:1  | Received a gift from Okawaru
 31504 | Snake:1  | Identified the ring "Ynapoik" {Wiz rElec MP-9 Str+5} (You
                  | found it on level 15 of the Dungeon)
 31564 | Snake:2  | Found Leclyakh's Antique Weapon Boutique.
 31568 | Snake:2  | Found Myog's Gadget Shop.
 31569 | Snake:2  | Found Mismaxyc's Magic Scroll Boutique.
 31646 | Snake:2  | Found a frozen archway.
 31663 | IceCv    | Entered an ice cave
 33665 | IceCv    | Noticed an Ice Fiend
 33683 | IceCv    | Killed an Ice Fiend
 33683 | IceCv    | Received a gift from Okawaru
 34111 | IceCv    | Got a distressingly furry hat
 34254 | Snake:2  | Identified the +2 hat "Ycepn" {*Slow rF++ Dex+2} (You found
                  | it in an ice cave)
 34526 | Snake:2  | Received a gift from Okawaru
 34566 | Snake:2  | Got a pair of faintly glowing gloves {god gift}
 34577 | Snake:2  | Identified the +0 pair of gloves "Xaeko" {rElec Regen+}
                  | (Okawaru gifted it to you on level 2 of the Snake Pit)
 35393 | Snake:2  | Found a runed translucent gate.
 35393 | Snake:2  | Found a runed translucent gate.
 35393 | Snake:2  | Found a runed translucent gate.
 35930 | Snake:3  | Reached XP level 17. HP: 143/162 MP: 12/21
 36013 | Snake:3  | HP: 6/162 [black mamba (4)]
 36013 | Snake:3  | Demolished by a salamander

Illustrated notes

Levels and vault maps discovered:
D:1:      lightli_arrival_chessboard, layout_basic, nrook_campfire,
          hangedman_decor_points
D:2:      layout_loops_corners, uniq_robin
D:3:      layout_basic
D:4:      layout_gridville, lemuel_coloured_pillars_altar, ebering_ghost_gozag,
          nicolae_ossuary_entry_giza
D:5:      layout_cave_pools, serial_shops, shop,
          nicolae_gozag_zags_fifth_avenue, uniq_prince_ribbit1, uniq_edmund,
          uniq_ijyb, uniq_crazy_yiuf_cottage
D:6:      layout_rooms, minmay_temple_entry_gardened_gates, serial_shops, shop,
          uniq_pikel, uniq_sigmund
D:7:      layout_loops_ring, vehumet_altar_wand_db,
          amethyst_overflow_temple_binary, basic_altar, serial_bayou_ford_a
D:8:      layout_layer_cave, ashenzari_altar_1
D:9:      layout_basic, erik_lair_island, basic_altar
D:10:     layout_long_grid, david_orc_2, gammafunk_ghost_smash, minivault_12
D:11:     layout_roguey, serial_shops, nicolae_shop_waterfront, uniq_maurice,
          uniq_snorg
D:12:     layout_irregular_city, minivault_1
D:13:     cheibrodos_orc_bank, layout_grid_maze, erik_vaults_1
D:14:     layout_roguey, uniq_jorgrun, uniq_rupert
D:15:     hangedman_depths_entry_civil_slaughter, layout_loops_ring,
          special_room [special_room_bee], lemuel_mausoleum_altar_yredelemnul,
          lemuel_altar_in_water, uniq_nessos
Temple:   dpeg_five_rooms_temple
Lair:1:   dpeg_oklob_gauntlet, layout_cave_pods, serial_bayou_shore_b
Lair:2:   layout_concentric_octagons, elwin_shoals_entry_rooms, basic_altar,
          ebering_ghost_xom, beast_lair_carwin_5, grunt_megastairs_3
Lair:3:   regret_index_wax_grids, layout_hall_layers,
          minmay_snake_entry_six_corridors, enter_volcano_1,
          serial_bayou_shore_a
Lair:4:   beast_lair_carwin_large_1, layout_regular_city, lemuel_fruit_fields,
          infiniplex_staircase_pool
Lair:5:   layout_roguey, slime_altar_1
Lair:6:   evil_forest, layout_regular_city
Snake:1:  layout_grid_maze
Snake:2:  layout_onion_interference, portal_ice_cave_entry_dragon, st_stairs_2,
          drop_trap, nrook_loot_triangle, nicolae_snake_horde_hoard,
          grunt_megastairs_4, minmay_shop_star
Snake:3:  layout_rooms, grunt_megastairs_5
Orc:1:    layout_diamond_mine
Orc:2:    st_orc_pillars, layout_diamond_mine, mines2_lemuel

Skill      XL: |  1  2  3  4  5  6  7  8  9 10 11 12 13 14 15 16 |
---------------+-------------------------------------------------+-----
Maces & Flails | 4 5 6 8 9 11 12 13 14 15 16 17 | 17.4
Armour         | 1 2 3 4 5 6 8 10 12 13 14 15 16 | 16.7
Fighting       | 3 4 5 6 7 9 10 11 13 14 16 17 | 17.4
Evocations     | 1 2 3 4 5 6 7 8 |  8.2
Invocations    | 2 4 5 6 7 |  7.3
Dodging        | 4 5 |  5.4
Crossbows      | 1 5 7 10 11 12 | 12.7
Stealth        | 1 2 |  2.5
Shields        | 1 2 4 |  4.7
Throwing       | |  2.1

Action                   |  1- 3 |  4- 6 |  7- 9 | 10-12 | 13-15 | 16-18 || total
-------------------------+-------+-------+-------+-------+-------+-------++-------
Melee: Flail             |    99 |   130 |   237 |   362 |       |       ||   828
       Headbutt          |    19 |    23 |    47 |   120 |   229 |   103 ||   541
       Dire flail        |       |       |       |   174 |   877 |   316 ||  1367
       Arbalest          |       |       |       |       |     4 |       ||     4
       Great mace        |       |       |       |       |       |     1 ||     1
 Fire: Arbalest          |       |       |       |    28 |   241 |   102 ||   371
Throw: Throwing net      |       |       |       |     1 |       |       ||     1
Invok: Heroism           |       |       |     1 |     7 |    21 |     7 ||    36
       Finesse           |       |       |       |       |     2 |       ||     2
Evoke: Wand              |       |       |    27 |     4 |    57 |    39 ||   127
       Box of beasts     |       |       |       |       |       |     1 ||     1
       Phial of floods   |       |       |       |       |       |     1 ||     1
  Use: Scroll            |    11 |     7 |     8 |     6 |    15 |     4 ||    51
       Potion            |       |     1 |       |     5 |     2 |     3 ||    11
 Stab: Invisible         |       |       |       |     1 |     3 |       ||     4
       Distracted        |       |       |       |     1 |       |       ||     1
       Paralysed         |       |       |       |       |    10 |     3 ||    13
Armor: Leather armour    |     9 |       |       |       |       |       ||     9
       Plate armour      |    57 |    82 |   100 |   314 |   538 |   219 ||  1310
Dodge: Dodged            |    74 |    95 |   119 |   240 |   337 |   182 ||  1047
Block: Other             |       |       |       |       |    83 |    83 ||   166
       Reflection        |       |       |       |       |     8 |     7 ||    15
